 Dungeon Crawl Stone Soup version 0.20.1-1-g8b1a95d (webtiles) character file.

6176 KoningWillie the Carver (level 10, -3/90 HPs)
             Began as a Minotaur Fighter on Sept 28, 2017.
             Was an Elder of Fedhas.
             Slain by a sun demon (9 damage)
             ... summoned by a kobold demonologist
             ... on level 11 of the Dungeon.
             The game lasted 00:19:39 (8444 turns).

KoningWillie the Carver (Minotaur Fighter)          Turns: 8444, Time: 00:20:09

Health: -3/90      AC: 16    Str: 24    XL:     10   Next: 60%
Magic:  9/9        EV:  7    Int:  5    God:    Fedhas [****..]
Gold:   459        SH:  0    Dex: 10    Spells: 9/9 levels left

rFire    . . .     SeeInvis .   a - +1 long sword
rCold    . . .     Gourm    .   (no shield)
rNeg     . . .     Faith    .   s - +0 plate armour
rPois    .         Spirit   .   I - +0 hat
rElec    .         Reflect  .   (no cloak)
rCorr    .         Harm     .   g - +0 pair of gloves
MR       +....                  (no boots)
Stlth    ..........             (no amulet)
Regen    0.3/turn               y - ring of protection from magic
MPRegen  0.2/turn               (no ring)

@: hasted, very quick
A: retaliatory headbutt, horns 2
a: Fungal Bloom, Evolution, Sunlight, Growth, Reproduction, Renounce Religion


You were on level 11 of the Dungeon.
You worshipped Fedhas.
Fedhas was greatly pleased with you.
You were not hungry.

You visited 1 branch of the dungeon, and saw 11 of its levels.

You collected 459 gold pieces.

Inventory:

Hand Weapons
 a - a +1 long sword (weapon)
Missiles
 u - 7 tomahawks of returning (quivered)
Armour
 g - a +0 pair of gloves (worn)
 s - a +0 plate armour (worn)
 z - the +3 robe of Folly {Archmagi, MR-- Int+5}
   (You found it on level 7 of the Dungeon)

   It affects your intelligence (+5).
   It affects your resistance to hostile enchantments.
 I - a +0 hat (worn)
Jewellery
 y - a ring of protection from magic (left hand)
 B - an uncursed ring of poison resistance {unknown}
 C - an uncursed amulet of magic regeneration
 D - a +2 ring of evasion {unknown}
 E - an uncursed ring of protection from fire {unknown}
Wands
 e - a wand of digging (23/24)
 o - a wand of random effects (15/48)
 G - a wand of digging (12/24)
 J - a wand of lightning (6/15)
Scrolls
 j - 2 scrolls of teleportation
 l - a scroll of enchant armour
 r - a scroll of fog
 t - a scroll of enchant weapon
 w - 2 scrolls of magic mapping
 F - 2 scrolls of identify
Potions
 b - a potion of agility
 c - a potion of berserk rage
 d - a potion of might
 h - a potion of heal wounds
 i - 2 potions of lignification
 A - a potion of cancellation {unknown}
 H - 2 potions of curing {unknown}
Books
 n - a book of Misfortune

   Spells                             Type                      Level
   a - Confusing Touch                Hexes                        1
   b - Confuse                        Hexes                        3
   c - Gell's Gravitas                Translocation                3
   d - Petrify                        Transmutation/Earth          4
   e - Metabolic Englaciation         Hexes/Ice                    5
   f - Yara's Violent Unravelling     Hexes/Transmutation          5
 v - a book of Cantrips

   Spells                             Type                      Level
   a - Confusing Touch                Hexes                        1
   b - Animate Skeleton               Necromancy                   1
   c - Summon Small Mammal            Summoning                    1
   d - Apportation                    Translocation                1
 x - a book of Conjurations

   Spells                             Type                      Level
   a - Magic Dart                     Conjuration                  1
   b - Searing Ray                    Conjuration                  2
   c - Dazzling Spray                 Conjuration/Hexes            3
   d - Fulminant Prism                Conjuration/Hexes            4
   e - Force Lance                    Conjuration/Translocation    4
   f - Iskenderun's Mystic Blast      Conjuration                  4
Comestibles
 f - 8 bread rations
 m - 3 meat rations
 p - 6 royal jellies


   Skills:
 + Level 8.5 Fighting
 * Level 14.0 Long Blades
 + Level 10.2 Armour
 - Level 0.4 Dodging
   Level 4.4 Shields
 + Level 0.8 Invocations
 + Level 0.1 Evocations


You had 9 spell levels left.
You didn't know any spells.

Dungeon Overview and Level Annotations

Branches:
Dungeon (11/15)            Temple (0/1) D:5             Orc (0/2) D:9
   Lair: D:8-11

Altars:
Ashenzari
Dithmenos
Fedhas
Gozag
Kikubaaqudgha
Qazlal
Ru
The Shining One

Shops:
D:8 [

Annotations:
D:4 letownia's ghost, amateur OpTm
D:10 Fandomethor's ghost, journeyman MiBe


Innate Abilities, Weirdness & Mutations

You reflexively headbutt those who attack you in melee.
You have a pair of horns on your head.


Message History

Your headbutt misses the orc warrior. The orc warrior hits you with a glaive.
Your plate armour prevents you from hitting the orc warrior.
The kobold demonologist casts a spell.
You slash the orc warrior! You headbutt the orc warrior!
The orc warrior is almost dead.
The orc warrior hits you with a glaive.
You hit the orc warrior but do no damage.
You headbutt the orc warrior.
You kill the orc warrior!
Your Long Blades skill increases to level 14!
The kobold demonologist hits you but does no damage.
The kobold demonologist casts a cantrip, but nothing happens.
Found a glowing flail, a ring mail, 21 gold pieces and 3 fruits.
You feel yourself speed up. The sun demon hits you!
* * * LOW HITPOINT WARNING * * *
You are engulfed in flames!
* * * LOW HITPOINT WARNING * * *
The sun demon hits you!
You die...
Fedhas appreciates your contribution to the ecosystem. o.# ####.##### oo# ###........### O.### ............ oo'. #........# oo#

#.)......#
##o#
#..†.K...#
.o.#
#......K.#
.###
#######3##
########
#..@.#
.......#
#.......##
.......#
#.......#
.#.....#
........#
.#.....#
#...)...#
#......+
#..$.[..#
.......#
#%.......
.......#
#.......#
.......#


You could see a sun demon and a kobold demonologist.

Vanquished Creatures
  A centaur skeleton (D:10)
  A troll (D:10)
  2 hippogriffs
  A shadow (D:11)
  A spriggan (D:7)
  6 yaks (D:11)
  Eustachio (D:5)
  Menkaure (D:5)
  Edmund (D:6)
  A black bear (D:7)
  6 orc warriors
  2 ice beasts
  2 phantoms
  4 ogres
  3 sky beasts
  A centaur (D:10)
  5 bullfrogs
  A gnoll sergeant (D:9)
  3 scorpions
  6 wights
  6 howler monkeys
  4 crimson imps
  A quasit (D:7)
  2 jellies (D:5)
  2 hounds
  7 orc priests
  2 bullfrog zombies
  5 orc wizards
  An iguana (D:5)
  3 worker ants
  A hound zombie (D:10)
  A hound skeleton (D:5)
  A worker ant zombie (D:5)
  4 gnolls (D:9)
  8 adders
  2 shadow imps
  An ooze (D:2)
  2 adder zombies
  A dart slug (D:1)
  5 leopard geckos
  34 orcs
  8 bats
  5 giant cockroaches
  4 hobgoblins
  8 jackals
  2 quokkas
  4 frilled lizards
  4 goblins
  2 jackal skeletons
  4 kobolds
  3 rats
186 creatures vanquished.

Vanquished Creatures (others)
  2 plants (D:9)
  121 toadstools
123 creatures vanquished.

Grand Total: 309 creatures vanquished

Notes
Turn   | Place    | Note
-------+----------+-------------------------------------------
     0 | D:1      | KoningWillie the Minotaur Fighter began the quest for the Orb.
     0 | D:1      | Reached XP level 1. HP: 19/19 MP: 0/0
   159 | D:1      | Reached XP level 2. HP: 27/27 MP: 1/1
   567 | D:2      | Reached XP level 3. HP: 31/33 MP: 2/2
   638 | D:2      | Reached skill level 3 in Long Blades
   824 | D:2      | Found a blossoming altar of Fedhas.
   838 | D:2      | Became a worshipper of Fedhas Madash
  1185 | D:3      | Reached XP level 4. HP: 40/40 MP: 3/3
  1365 | D:3      | Reached * piety under Fedhas
  1407 | D:3      | Found a glowing golden altar of the Shining One.
  1822 | D:4      | Reached skill level 4 in Long Blades
  1854 | D:4      | Reached XP level 5. HP: 45/47 MP: 4/4
  2175 | D:4      | Noticed letownia's ghost (amateur OpTm)
  2211 | D:5      | Entered Level 5 of the Dungeon
  2225 | D:5      | Noticed Menkaure
  2245 | D:5      | Killed Menkaure
  2245 | D:5      | Reached skill level 5 in Fighting
  2245 | D:5      | Reached skill level 5 in Long Blades
  2245 | D:5      | Reached skill level 5 in Armour
  2245 | D:5      | Reached XP level 6. HP: 12/56 MP: 5/5
  2598 | D:5      | Reached skill level 6 in Long Blades
  2788 | D:5      | Found a sacrificial altar of Ru.
  2796 | D:5      | Reached XP level 7. HP: 57/61 MP: 6/6
  2905 | D:5      | Found a shadowy altar of Dithmenos.
  2967 | D:5      | Found a staircase to the Ecumenical Temple.
  3086 | D:5      | Noticed Eustachio
  3103 | D:5      | Killed Eustachio
  3103 | D:5      | Reached skill level 7 in Long Blades
  3404 | D:6      | Reached skill level 8 in Long Blades
  3488 | D:6      | Reached XP level 8. HP: 64/70 MP: 7/7
  3545 | D:6      | Reached ** piety under Fedhas
  3607 | D:6      | Noticed Edmund
  3644 | D:6      | Killed Edmund
  3977 | D:6      | Reached skill level 9 in Long Blades
  4022 | D:6      | Found an ancient bone altar of Kikubaaqudgha.
  4026 | D:6      | Found a shattered altar of Ashenzari.
  4029 | D:6      | Found a stormy altar of Qazlal.
  4223 | D:7      | Found an opulent altar of Gozag.
  4315 | D:7      | Reached skill level 10 in Long Blades
  4476 | D:7      | Noticed a hippogriff
  4480 | D:7      | Reached XP level 9. HP: 78/78 MP: 8/8
  4667 | D:7      | Reached skill level 11 in Long Blades
  5138 | D:8      | Found Foskyrhi's Armour Emporium.
  5238 | D:8      | Reached *** piety under Fedhas
  5485 | D:8      | Found a large runed door.
  5485 | D:8      | Found a large runed door.
  5549 | D:8      | Noticed a skeletal warrior
  5636 | D:9      | Reached skill level 12 in Long Blades
  5977 | D:9      | Found a staircase to the Orcish Mines.
  6721 | D:9      | Paralysed by a hornet for 2 turns
  7028 | D:10     | Entered Level 10 of the Dungeon
  7028 | D:10     | Noticed Fandomethor's ghost (journeyman MiBe)
  7252 | D:10     | Reached XP level 10. HP: 85/88 MP: 9/9
  7553 | D:10     | Reached skill level 13 in Long Blades
  8255 | D:11     | Reached skill level 10 in Armour
  8287 | D:11     | Reached **** piety under Fedhas
  8413 | D:11     | Noticed a white ugly thing
  8436 | D:11     | Noticed a sun demon
  8437 | D:11     | Reached skill level 14 in Long Blades
  8444 | D:11     | Slain by a sun demon

Skill      XL: |  1  2  3  4  5  6  7  8  9 10 |
---------------+-------------------------------+-----
Fighting       | 4 5 6 7 8 |  8.5
Shields        | 4 |  4.4
Long Blades    | 3 4 5 6 8 10 12 14 | 14.0
Armour         | 4 5 6 7 9 10 | 10.2
Dodging        | |  0.4
Invocations    | |  0.8
Evocations     | |  0.1

Action                   |  1- 3 |  4- 6 |  7- 9 | 10-12 || total
-------------------------+-------+-------+-------+-------++-------
Melee: Long sword        |    86 |    91 |   353 |   131 ||   661
       Headbutt          |    14 |    18 |    80 |    45 ||   157
Invok: Fungal Bloom      |     3 |     9 |    22 |     4 ||    38
       Growth            |       |       |     2 |       ||     2
Evoke: Wand              |       |       |     1 |       ||     1
  Use: Scroll            |     7 |     4 |     9 |     2 ||    22
       Potion            |       |     2 |     2 |     3 ||     7
  Eat: Bread ration      |     1 |       |       |       ||     1
       Meat ration       |       |     1 |     3 |       ||     4
Armor: Scale mail        |    41 |       |       |       ||    41
       Plate armour      |       |    57 |   219 |    59 ||   335
Dodge: Dodged            |    28 |    24 |   121 |    30 ||   203
Block: Shield            |    50 |       |       |       ||    50
       Rpst.: Long sword |    10 |     8 |    36 |     9 ||    63
